AoeStats
← 白内障看不清,充能步枪滋眼睛

Arena

509117695Analyzed
4v4 RM · 8d ago on Sep 25, 2026· 50m 17s· 8 players
Game mode
Random Map
Map size
Large (8 player)
Population
200
Speed
Normal
Resources
Standard
Victory
Conquest
Starting age
Dark Age
Ending age
Imperial Age
RankedLock teamsTeams togetherTeam positionsShared explorationLock speedFull tech treeHidden civsTurbo modeCheats
Victory
Defeat
🇨🇱 Turks · Chile
980
+15
🇨🇳 Goths · China
975
+16
🇨🇳 Mongols · China
967
+16
🇨🇳 Slavs · China
1086
-21
🇨🇳 Tupi · China
956
-15
🇨🇳 Varangians · China
956
-15
🇨🇳 Persians · China
884
-12
白仔
11:04 Feudal Age
15:07 Castle Age
13:21 Double-Bit Axe
14:21 Horse Collar
15:22 Gold Mining
18:30 Wheelbarrow
19:25 Stone Mining
20:56 Loom
20:59 Town Watch
24:14 Ballistics
24:57 Fletching
25:07 Padded Archer Armor
27:07 Bodkin Arrow
27:28 Leather Archer Armor
28:02 Hand Cart
28:12 Bow Saw
28:22 Husbandry
28:32 Bloodlines
28:38 Bloodlines
29:27 Forging
29:23 Scale Barding Armor
34:14 Gold Shaft Mining
34:08 Chain Barding Armor
36:01 Heavy Plow
36:44 Stone Shaft Mining
40:07 Imperial Age
39:24 Town Patrol
40:03 Iron Casting
39:42 Thumb Ring
39:37 Murder Holes
40:31 Heavy Camel Rider
41:42 Parthian Tactics
42:20 Chemistry
43:47 Conscription
45:37 Bracer
46:39 Blast Furnace
46:07 Masonry
46:24 Elite Mangudai
gitPushOriginMaster
11:14 Feudal Age
14:58 Castle Age
21:35 Imperial Age
19:30 Double-Bit Axe
19:29 Horse Collar
19:49 Gold Mining
20:53 Bow Saw
23:54 Gold Shaft Mining
30:31 Two-Man Saw
30:09 Wheelbarrow
29:22 Loom
36:41 Heavy Plow
38:14 Hand Cart
38:18 Town Watch
42:43 Padded Archer Armor
44:00 Town Patrol
44:18 Artillery
44:39 Conscription
44:27 Treadmill Crane
44:58 Masonry
白内障看不清,充能步枪滋眼睛
11:19 Feudal Age
12:21 Double-Bit Axe
16:36 Castle Age
16:00 Fletching
16:11 Padded Archer Armor
18:14 Crossbowman
19:21 Bow Saw
19:02 Horse Collar
28:22 Wheelbarrow
28:28 Wheelbarrow
29:27 Hand Cart
31:54 Imperial Age
29:59 Heavy Plow
30:45 Stone Mining
30:45 Gold Mining
32:07 Stone Shaft Mining
34:06 Chemistry
34:20 Gold Shaft Mining
34:06 Leather Archer Armor
33:47 Bodkin Arrow
34:00 Scale Barding Armor
34:07 Forging
34:48 Crop Rotation
38:46 Conscription
39:07 Double Crossbow
39:28 Heavy Scorpion
41:36 Ballistics
40:44 Light Cavalry
41:35 Bloodlines
41:26 Husbandry
41:55 Murder Holes
42:40 Iron Casting
41:56 Hussar
42:37 Husbandry
白桵
11:56 Feudal Age
18:16 Castle Age
16:43 Double-Bit Axe
17:44 Man-at-Arms
18:31 Long Swordsman
26:48 Horse Collar
31:37 Heavy Plow
32:34 Bow Saw
35:09 Wheelbarrow
36:33 Gold Mining
36:35 Stone Mining
39:19 Imperial Age
39:25 Imperial Age
37:15 Hand Cart
36:50 Pikeman
37:31 Squires
38:51 Forging
38:42 Scale Mail Armor
39:25 Loom
40:02 Two-Handed Swordsman
40:03 Halberdier
41:33 Crop Rotation
42:08 Two-Man Saw
40:57 Champion
41:04 Champion
45:43 Conscription
47:26 Caravan
48:47 Iron Casting
48:28 Chain Mail Armor
49:16 Anarchy
50:28 Blast Furnace
XIAOBAI
10:18 Feudal Age
15:44 Castle Age
14:03 Double-Bit Axe
14:13 Horse Collar
16:19 Wheelbarrow
21:45 Bow Saw
25:08 Husbandry
25:18 Bloodlines
24:54 Light Cavalry
26:33 Forging
26:28 Scale Barding Armor
28:45 Stone Mining
28:48 Gold Mining
33:51 Imperial Age
32:00 Squires
31:46 Arson
32:41 Chain Barding Armor
34:17 Iron Casting
34:42 Elite Varangian Guard
36:07 Hand Cart
35:37 Town Watch
36:43 Conscription
35:49 Gothikon
36:43 Scale Mail Armor
38:01 Chain Mail Armor
39:28 Blast Furnace
41:51 Plate Mail Armor
41:57 Plate Barding Armor
41:48 Hussar
44:57 Elite Jarl
眠绵
11:25 Feudal Age
12:51 Double-Bit Axe
15:48 Castle Age
32:21 Horse Collar
34:44 Heavy Plow
34:55 Bow Saw
34:36 Gold Mining
34:36 Stone Mining
36:43 Wheelbarrow
36:30 Town Watch
37:36 Gold Shaft Mining
37:32 Forging
37:22 Scale Mail Armor
37:13 Fletching
37:23 Padded Archer Armor
38:04 Hand Cart
41:47 Imperial Age
39:06 Loom
39:47 Chain Mail Armor
40:07 Iron Casting
39:27 Bodkin Arrow
39:39 Champi Runner
40:35 Champi Warrior
41:16 Squires
41:01 Arson
41:33 Bodkin Arrow
41:53 Leather Archer Armor
43:56 Two-Man Saw
43:59 Chemistry
43:20 Ballistics
42:31 Elite Champi Warrior
42:54 Capped Ram
43:51 Siege Ram
44:08 Elite Blackwood Archer
45:40 Curare
48:22 Arrowslits
Evil B1t
11:46 Feudal Age
18:51 Castle Age
16:50 Stone Mining
18:18 Horse Collar
18:34 Double-Bit Axe
20:53 Wheelbarrow
22:51 Gold Mining
23:22 Hand Cart
23:22 Scale Barding Armor
24:32 Bow Saw
28:36 Chain Barding Armor
28:26 Forging
28:21 Husbandry
28:32 Bloodlines
32:30 Heavy Plow
33:21 Iron Casting
37:14 Imperial Age
36:59 Elite War Elephant
38:06 Conscription
40:50 Plate Barding Armor
41:16 Blast Furnace
41:43 Light Cavalry
42:53 Conscription
43:45 Hussar
45:51 Loom
50:39 Crop Rotation
mh253500
0:46 Loom
12:17 Feudal Age
18:22 Castle Age
16:26 Horse Collar
17:17 Double-Bit Axe
19:23 Heavy Plow
24:34 Bow Saw
25:55 Town Watch
26:48 Wheelbarrow
31:21 Imperial Age
29:46 Hand Cart
29:29 Stone Mining
29:33 Gold Mining
29:54 Husbandry
30:05 Bloodlines
30:36 Scale Barding Armor
30:42 Forging
31:33 Gold Shaft Mining
31:05 Elite Skirmisher
32:25 Chain Barding Armor
33:07 Iron Casting
Connection lost

Rejoining the realm…

Still unreachable

The connection could not be restored.

Session expired

The server has moved on; the page needs a fresh start.